 Dungeon Crawl Stone Soup version 0.23.2-40-g277498a001 (webtiles) character file.

Game seed: 6217849670062248840

8757 Kostasan the Basher (level 11, 0/99 HPs)
             Began as a Minotaur Berserker on Oct 2, 2019.
             Was a High Priest of Trog.
             Slain by a basilisk (8 damage)
             ... on level 9 of the Dungeon.
             The game lasted 00:30:21 (7097 turns).

Kostasan the Basher (Minotaur Berserker)            Turns: 7097, Time: 00:30:21

Health: 0/99       AC: 26    Str: 23    XL:     11   Next: 14%
Magic:  0/10       EV:  3    Int:  4    God:    Trog [*****.]
Gold:   374        SH:  0    Dex: 12    Spells: 10/10 levels left

rFire    . . .     SeeInvis .   x - +3 morningstar (protect)
rCold    . . .     Gourm    .   m - +0 large shield
rNeg     . . .     Faith    .   d - +1 plate armour
rPois    +         Spirit   .   r - +0 hat
rElec    .         Reflect  .   w - +1 cloak {MR+}
rCorr    .         Harm     .   f - +0 pair of gloves
MR       +....                  (no boots)
Stlth    ..........             (no amulet)
HPRegen  0.26/turn              j - ring of poison resistance
MPRegen  0.12/turn              (no ring)

@: petrifying, protection aura, berserk cooldown, slowed, very slow
A: retaliatory headbutt, horns 2
a: Berserk, Trog's Hand, Brothers in Arms, Renounce Religion


You were on level 9 of the Dungeon.
You worshipped Trog.
Trog was extremely pleased with you.
You were near starving.

You visited 1 branch of the dungeon, and saw 9 of its levels.

You collected 374 gold pieces.

Inventory:

Hand Weapons
 h - a +2 flail of draining
 x - a +3 morningstar of protection (weapon)
Armour
 d - a +1 plate armour (worn)
 f - a +0 pair of gloves (worn)
 l - a scarf of cloud immunity
 m - a +0 large shield (worn)
 r - a +0 hat (worn)
 w - a +1 cloak of magic resistance (worn)
Jewellery
 j - a ring of poison resistance (left hand)
 o - an uncursed ring of flight
Wands
 v - a wand of acid (14)
 A - a wand of enslavement (14)
Scrolls
 a - 5 scrolls of remove curse
 e - 4 scrolls of teleportation
 g - a scroll of fear
 n - 2 scrolls of fog
 p - 5 scrolls of identify
 q - a scroll of enchant weapon
 s - 3 scrolls of enchant armour
 y - a scroll of noise {unknown}
 C - a scroll of immolation {unknown}
Potions
 b - 6 potions of curing
 i - a potion of flight
 k - a potion of might
 t - 3 potions of magic
 u - a potion of heal wounds
Comestibles
 c - 15 rations
 z - 6 chunks of flesh


   Skills:
 + Level 10.0 Fighting
 * Level 13.1 Maces & Flails
 + Level 9.6 Armour
 - Level 2.4 Dodging
 + Level 9.2 Shields


You had 10 spell levels left.
You didn't know any spells.
Your spell library contained the following spells:

 Spells                   Type           Power        Failure   Level  Hunger
 Bolt of Magma            Conj/Fire/Erth #.........   100%        5    ######.
 Iskenderun's Battlesphe  Conj/Chrm      #.......     100%        5    ######.
 Venom Bolt               Conj/Pois      #.........   100%        5    ######.
 Iron Shot                Conj/Erth      #.........   100%        6    #######
 Orb of Destruction       Conj           #.........   100%        7    #######
 Spellforged Servitor     Conj/Summ      #.........   100%        7    #######


Dungeon Overview and Level Annotations

Branches:
Dungeon (9/15)             Temple (0/1) D:6
   Lair: D:8-11         Orc: D:9-12

Altars:
Dithmenos
Gozag
Kikubaaqudgha
Ru
Uskayaw
Wu Jian
Zin

Shops:
D:4 [   D:6 %   D:7 }

Annotations:
D:9 1 transporter


Innate Abilities, Weirdness & Mutations

You reflexively headbutt those who attack you in melee.
You have a pair of horns on your head.


Message History

You puncture the basilisk!
The basilisk is almost dead.
The bullfrog hits you. The mana viper bites you!
* * * LOW HITPOINT WARNING * * *
The bullfrog hits you.
* * * LOW HITPOINT WARNING * * *
The mana viper bites you.
* * * LOW HITPOINT WARNING * * *
The basilisk bites you!
* * * LOW HITPOINT WARNING * * *
The mana viper bites you!
* * * LOW HITPOINT WARNING * * *
The bullfrog hits you.
* * * LOW HITPOINT WARNING * * *
The basilisk bites you but does no damage.
The mana viper completely misses you. You furiously retaliate!
You headbutt the mana viper.
The bullfrog hits you but does no damage.
The basilisk bites you!
You die...

#..#............ ###.
###.##............
....###...<.............
.#....)=...#..>.........
.......©................
...#########............
..##8?....8##...........
..#...lSF...#......#....
..#..#.@)#..#...........
..#.#.....#.#.#....###..
..#.........#...........
..#.#.....#.#...........
..# .#...#..#..........#
.. ......$..#.......##..
. ## [)©}(8##.........##
..#########..........##
..(..........##


You could see a mana viper shaped shifter, a basilisk and a bullfrog.

Vanquished Creatures
  A yaktaur captain (D:9)
  A hydra (D:9)
  A two-headed ogre (D:7)
  A deep elf mage (D:9)
  Joseph (D:8)
  A troll (D:9)
  A hornet (D:9)
  2 hippogriffs
  Sigmund (D:5)
  4 yaks (D:9)
  The ghost of weresquid the Slasher, an amateur MiGl (D:4)
  A hungry ghost (D:9)
  3 orc warriors
  An ice beast (D:7)
  6 phantoms
  A black bear (D:8)
  5 ogres
  2 necrophages
  3 centaurs
  3 bullfrogs
  A water moccasin zombie (D:9)
  6 scorpions
  4 killer bees (D:7)
  A vampire bat (D:3)
  5 howler monkeys
  5 crimson imps
  A jelly (D:7)
  A bullfrog skeleton (D:6)
  A centaur zombie (D:6)
  6 hounds
  4 orc priests
  Crazy Yiuf (D:5)
  A centaur skeleton (D:7)
  An iguana (D:8)
  9 orc wizards
  5 worker ants
  5 gnolls (D:5)
  A howler monkey skeleton (D:4)
  17 adders
  A shadow imp (D:5)
  8 oozes
  2 adder zombies
  An adder skeleton (D:5)
  3 worms
  8 dart slugs
  2 leopard geckos
  40 orcs
  12 bats
  5 bat skeletons (D:3)
  4 giant cockroaches
  11 goblins
  3 hobgoblins
  10 jackals
  5 quokkas
  5 frilled lizards
  8 kobolds
  5 rats
248 creatures vanquished.

Notes
Turn   | Place    | Note
-------+----------+-------------------------------------------
     0 | D:1      | Kostasan the Minotaur Berserker began the quest for the
                  | Orb.
     0 | D:1      | Reached XP level 1. HP: 19/19 MP: 0/0
    45 | D:1      | Reached XP level 2. HP: 27/27 MP: 1/1
   149 | D:1      | Reached skill level 4 in Maces & Flails
   309 | D:1      | Reached XP level 3. HP: 33/33 MP: 2/2
   703 | D:2      | Reached ** piety under Trog
   923 | D:2      | Reached skill level 1 in Shields
   933 | D:2      | Reached XP level 4. HP: 38/40 MP: 3/3
  1125 | D:2      | Reached skill level 5 in Maces & Flails
  1364 | D:2      | Reached *** piety under Trog
  1364 | D:2      | Reached XP level 5. HP: 46/47 MP: 4/4
  1540 | D:3      | Found an ornate altar of the Wu Jian Council.
  2107 | D:3      | Reached XP level 6. HP: 55/55 MP: 5/5
  2118 | D:3      | Reached skill level 5 in Fighting
  2264 | D:3      | Found an ancient bone altar of Kikubaaqudgha.
  2270 | D:3      | Reached skill level 6 in Maces & Flails
  2619 | D:4      | Reached **** piety under Trog
  2707 | D:4      | Found Zemun's Antique Armour Emporium.
  2938 | D:4      | Reached XP level 7. HP: 56/61 MP: 6/6
  2986 | D:4      | Found a runed translucent door.
  2986 | D:4      | Noticed weresquid's ghost (amateur MiGl)
  3006 | D:4      | Killed weresquid's ghost
  3006 | D:4      | Reached skill level 7 in Maces & Flails
  3006 | D:4      | Reached skill level 5 in Armour
  3299 | D:4      | Reached XP level 8. HP: 57/70 MP: 7/7
  3440 | D:4      | Reached skill level 8 in Maces & Flails
  3500 | D:5      | Entered Level 5 of the Dungeon
  3576 | D:5      | Noticed Sigmund
  3583 | D:5      | Killed Sigmund
  3583 | D:5      | Reached skill level 5 in Shields
  3727 | D:5      | Reached skill level 9 in Maces & Flails
  3945 | D:5      | Reached XP level 9. HP: 64/79 MP: 8/8
  4277 | D:5      | Found a runed translucent door.
  4278 | D:5      | Noticed Crazy Yiuf
  4286 | D:5      | Killed Crazy Yiuf
  4410 | D:6      | Found Uheid's Food Shop.
  4436 | D:6      | Found an opulent altar of Gozag.
  4447 | D:6      | Found a staircase to the Ecumenical Temple.
  4453 | D:6      | Reached ***** piety under Trog
  4472 | D:6      | Reached skill level 10 in Maces & Flails
  4911 | D:6      | Found a shadowy altar of Dithmenos.
  5328 | D:7      | Noticed a two-headed ogre
  5338 | D:7      | Killed a two-headed ogre
  5338 | D:7      | Reached skill level 11 in Maces & Flails
  5532 | D:7      | Reached XP level 10. HP: 84/90 MP: 9/9
  5825 | D:7      | Found Napo's Gadget Shoppe.
  6067 | D:8      | Found a hide-covered altar of Uskayaw.
  6145 | D:8      | Found a glowing silver altar of Zin.
  6156 | D:8      | Received a gift from Trog
  6183 | D:8      | Found a sacrificial altar of Ru.
  6450 | D:8      | Noticed Joseph
  6461 | D:8      | Killed Joseph
  6461 | D:8      | Reached skill level 12 in Maces & Flails
  7010 | D:9      | Noticed a deep elf mage
  7021 | D:9      | Found a transporter.
  7027 | D:9      | Noticed a fire crab
  7027 | D:9      | a yak changed into a fire crab
  7033 | D:9      | Noticed a yaktaur captain
  7034 | D:9      | Noticed a five-headed hydra
  7063 | D:9      | Noticed a mana viper
  7063 | D:9      | a fire crab changed into a mana viper
  7069 | D:9      | Found a transporter.
  7079 | D:9      | Killed a deep elf mage
  7087 | D:9      | Killed a yaktaur captain
  7087 | D:9      | Reached skill level 13 in Maces & Flails
  7087 | D:9      | Reached XP level 11. HP: 25/99 MP: 1/10
  7090 | D:9      | Killed a five-headed hydra
  7090 | D:9      | Reached skill level 10 in Fighting
  7097 | D:9      | Slain by a basilisk

Skill      XL: |  1  2  3  4  5  6  7  8  9 10 11 |
---------------+----------------------------------+-----
Maces & Flails | 4 5 6 7 9 11 13 | 13.1
Fighting       | 4 5 6 7 8 9 10 | 10.0
Armour         | 3 4 5 6 8 9 |  9.6
Shields        | 1 2 3 4 6 7 9 |  9.2
Dodging        | |  2.4

Action                   |  1- 3 |  4- 6 |  7- 9 | 10-12 || total
-------------------------+-------+-------+-------+-------++-------
Melee: Mace              |    85 |   147 |       |       ||   232
       Headbutt          |    12 |    38 |    52 |    39 ||   141
       Flail             |       |    87 |   287 |    67 ||   441
       Morningstar       |       |       |       |   129 ||   129
Invok: Berserk           |       |     1 |     4 |     2 ||     7
  Use: Scroll            |       |    12 |     3 |     2 ||    17
       Potion            |       |       |     5 |     1 ||     6
  Eat: Chunk             |       |     8 |    12 |     8 ||    28
Armor: Plate armour      |    71 |   142 |    97 |   107 ||   417
Dodge: Dodged            |    33 |    17 |    23 |    24 ||    97
Block: Large shield      |    31 |   208 |   196 |   176 ||   611
